 Dungeon Crawl Stone Soup version 0.27.0-1-g7a089689b8 (webtiles) character file.

Game seed: 16445193389744223157

18 sanka the Conjurer (level 2, 0/20 HPs)
             Began as a Ghoul Conjurer on Aug 8, 2021.
             Slain by a goblin (2 damage)
             ... led by Robin
             ... on level 1 of the Dungeon.
             The game lasted 00:01:20 (910 turns).

sanka the Conjurer (Ghoul Conjurer)                  Turns: 910, Time: 00:01:21

Health: 0/20       AC:  2    Str: 10    XL:     2   Next: 66%
Magic:  2/4        EV: 11    Int: 13    God:
Gold:   22         SH:  0    Dex:  7    Spells: 4/5 levels left

rFire    . . .     SeeInvis .   e - +0 spear
rCold    + . .     Faith    .   (no shield)
rNeg     + + +     Spirit   .   a - +0 robe
rPois    ∞         Reflect  .   (no helmet)
rElec    .         Harm     .   (no cloak)
rCorr    .         Rampage  .   (no gloves)
Will     .....                  (no boots)
Stlth    ++........             f - amulet of regeneration
HPRegen  0.00/turn              (no ring)
MPRegen  0.09/turn              (no ring)

@: inhibited regen
A: claws 1, cold resistance 1, negative energy resistance 3, inhibited
regeneration, torment resistance 2
a: no special abilities


You were on level 1 of the Dungeon.
You visited 1 branch of the dungeon, and saw 2 of its levels.

You collected 22 gold pieces.


Innate Abilities, Weirdness & Mutations

You thrive by killing the living.
You are immune to poison.
You have sharp fingernails.
Your flesh is cold resistant. (rC+)
You are immune to negative energy. (rN+++)
You do not regenerate when monsters are visible.
You are immune to unholy pain and torment.


   Skills:
 - Level 1.7 Dodging
 - Level 2.1 Stealth
 - Level 2.0 Spellcasting
 + Level 3.8 Conjurations


You had 4 spell levels left.
You knew the following spells:

 Your Spells              Type           Power      Damage    Failure   Level
z - Magic Dart            Conj           44%        1d5       5%          1

Your spell library contained the following spells:

 Spells                   Type           Power      Damage    Failure   Level
 Searing Ray              Conj           22%        3d3       9%          2
 Dazzling Flash           Conj/Hex       12%        N/A       34%         3
 Fulminant Prism          Conj/Hex       3%         3d6       75%         4
 Iskenderun's Mystic Bla  Conj/Tloc      6%         2d4       75%         4

Inventory:

Hand Weapons
 e - a +0 spear (weapon)
Armour
 a - a +0 robe (worn)
Magical Staves
 h - a staff of earth
Jewellery
 f - an amulet of regeneration (around neck)
Scrolls
 b - a scroll of noise {unknown}
 c - a scroll of enchant weapon {unknown}
 g - a scroll of fog {unknown}
Potions
 d - 2 potions of resistance {unknown}

Dungeon Overview and Level Annotations

Branches:
Dungeon (2/15)

Altars:

Annotations:
D:2 Robin

▒.▒▒▒.......)......▒▒▒.▒.▒▒.▒
▒.....▒.▒▒▒.▒▒▒.▒.▒▒ ▒▒..▒▒(▒
▒▒..÷..▒.▒▒▒......▒▒ ▒▒....▒
▒.........▒▒.▒▒▒.▒.▒▒ ▒▒..▒▒▒▒
▒............▒ ▒.▒▒.▒▒▒..▒▒
▒.........▒▒.▒ ▒.▒▒..▒.▒.▒
▒▒......▒....▒ ▒.▒▒.▒.▒▒.▒
▒........▒▒▒▒▒▒.▒▒.▒.▒▒.▒
▒.▒........gn...▒▒.▒.▒▒.▒
▒▒▒▒.▒.....▒▒▒▒▒▒▒....▒.▒▒.▒
▒.......................▒▒.▒▒▒▒▒
▒.▒..▒.▒▒▒..▒▒▒......▒▒▒▒▒..†...
▒.▒..▒.▒▒▒..▒ ▒...>....†▒▒▒▒▒▒▒▒
▒.▒..▒......▒ ▒▒.....▒▒.▒
▒.▒..▒▒▒▒▒▒.▒ ▒.....▒▒.▒ ▒.▒..▒
▒.▒ ▒▒▒.▒▒▒▒.▒ ▒.▒..▒▒▒▒▒▒.▒ ▒.▒
▒.▒ ▒▒


You could see a goblin.


Message History

The goblin hits you with a +0 dagger of protection.
You climb upwards.
There is a stone staircase leading down here.
Unknown command.
You closely miss the goblin.
The goblin is heavily wounded.
The goblin barely misses you.
You barely miss the goblin.
The goblin is heavily wounded.
The goblin hits you with a +0 dagger of protection.
You hit the goblin but do no damage.
The goblin is heavily wounded.
The goblin hits you with a +0 dagger of protection.
You closely miss the goblin.
The goblin is heavily wounded.
The goblin hits you with a +0 dagger of protection.
You closely miss the goblin.
The goblin is heavily wounded.
The goblin hits you with a +0 dagger of protection.
* * * LOW HITPOINT WARNING * * *
You hit the goblin but do no damage.
The goblin is heavily wounded.
The goblin hits you with a +0 dagger of protection.
* * * LOW HITPOINT WARNING * * *
The goblin hits you with a +0 dagger of protection.
* * * LOW HITPOINT WARNING * * *
You see here a ball python skeleton.
The goblin no longer looks unusually strong.
The goblin hits you with a +0 dagger of protection.
You die...

Action                   || total
-------------------------++-------
Melee: Unarmed           ||    15
       Spear             ||     9
 Cast: Magic Dart        ||    26
Armor: Robe              ||     9
Dodge: Dodged            ||    14

Levels and vault maps discovered:
D:1:      ebering_hopf_link, layout_loops_ring,
          hellmonk_ecumenical_altar_crossroads, minmay_misc_feat_tiny
D:2:      layout_rooms, uniq_sigmund, uniq_robin

Notes
Turn   | Place    | Note
-------+----------+-------------------------------------------
     0 | D:1      | sanka the Ghoul Conjurer began the quest for the Orb.
     0 | D:1      | Reached XP level 1. HP: 14/14 MP: 2/2
   132 | D:1      | Reached skill level 2 in Spellcasting
   346 | D:1      | Reached XP level 2. HP: 20/20 MP: 2/4
   482 | D:1      | Found a faded altar of an unknown god.
   883 | D:2      | Noticed Robin
   896 | D:1      | HP: 2/20 [goblin[Robin] (1)]
   910 | D:1      | Slain by a goblin

Vanquished Creatures
  2 endoplasms (D:1)
  A goblin (D:2)
  3 jackals (D:1)
  A kobold (D:1)
  A quokka (D:1)
  3 ball pythons (D:1)
  A bat (D:1)
  A frilled lizard (D:1)
  3 rats (D:1)
16 creatures vanquished.
